 Dungeon Sprint DCSS version 0.30.1-9-gdf580d7c3d (webtiles) character file.

Game seed: 15362097494750765089

35 Heoruswealwe the Poker (level 3, -4/36 HPs)
             Began as a Minotaur Fighter on Oct 25, 2023.
             Succumbed to a water moccasin's poison
             ... in the Dungeon (Sprint IX: "|||||||||||||||||||||||||||||").
             The game lasted 00:00:56 (85 turns).

Heoruswealwe the Poker (Minotaur Fighter)             Turns: 85, Time: 00:00:57

Health: -4/36      AC:  7    Str: 22    XL:     3   Next: 17%
Magic:  2/2        EV:  9    Int:  5    God:
Gold:   0          SH:  4    Dex:  9    Spells: 2/2 levels left

rFire   . . .        a - +0 trident
rCold   . . .        d - +0 buckler
rNeg    . . .        c - +0 scale mail
rPois   .            (helmet restricted)
rElec   .            (no cloak)
rCorr   .            (no gloves)
SInv    .            (no boots)
Will    .....        (no amulet) Stlth
                     (no ring)
HPRegen 0.26/turn    (no ring)
MPRegen 0.08/turn

%: no teleportation
@: lethally poisoned (-4 -> -27)
A: horns 2, retaliatory headbutt
a: no special abilities


You were in the Dungeon.
You visited 1 branch

Inventory:

Hand Weapons
 a - a +0 trident (weapon)
Armour
 c - a +0 scale mail (worn)
 d - a +0 buckler (worn)
Scrolls
 j - a scroll of blinking
Potions
 b - a potion of might
 g - a potion of haste
 i - a potion of berserk rage


   Skills:
 + Level 5.2 Fighting
 * Level 5.9 Polearms
 + Level 5.2 Armour
 - Level 3.6 Shields


You had 2 spell levels left.
You didn't know any spells.
Your spell library was empty.

Dungeon Overview and Level Annotations

Branches:
Dungeon (1/1)

Altars:


Innate Abilities, Weirdness & Mutations

You have a pair of horns on your head.
You reflexively headbutt those who attack you in melee.


Message History

You feel sick. The water moccasin barely misses you.
The water moccasin misses you.
You miss the water moccasin.
The water moccasin is moderately wounded.
You feel sick. The water moccasin bites you.
You are lethally poisoned!
The water moccasin poisons you!
You hit the water moccasin.
The water moccasin is moderately wounded.
You feel very sick.
The water moccasin bites you but does no damage.
The water moccasin completely misses you.
You furiously retaliate!
You headbutt the water moccasin! You completely miss the water moccasin.
The water moccasin is heavily wounded.
* * * LOW HITPOINT WARNING * * *
You feel very sick.
The water moccasin bites you but does no damage.
You feel much better.
You feel very sick.
You block the water moccasin's attack. x2
You closely miss the water moccasin. You headbutt the water moccasin.
The water moccasin is heavily wounded.
You feel sick. The water moccasin bites you.
You hit the water moccasin.
The water moccasin is severely wounded.
You feel sick. The water moccasin bites you.
You are lethally poisoned!
The water moccasin poisons you! The water moccasin bites you.
* * * LOW HITPOINT WARNING * * *
You are more poisoned.
The water moccasin poisons you!
You hit the water moccasin but do no damage.
The water moccasin is severely wounded.
* * * LOW HITPOINT WARNING * * *
You feel extremely sick.
The water moccasin bites you but does no damage.
You hit the water moccasin.
The water moccasin is severely wounded.
You die... ▓▓▓▓▓▓▓▓▓▓▓▓▓▓▓▓▓▓ +...5SS@...)'.!.<▓ ▓▓▓▓▓▓▓▓▓▓▓▓▓▓▓▓▓▓

You could see a water moccasin, an adder and an ufetubus.

Vanquished Creatures
  An iguana (D)
  An orc (D)
  An endoplasm (D)
  2 giant cockroaches (D)
  A goblin (D)
  A ball python (D)
7 creatures vanquished.

Notes
Turn   | Place    | Note
-------+----------+-------------------------------------------
     0 | D        | Heoruswealwe the Minotaur Fighter began the quest for the
                  | Orb.
     0 | D        | Reached XP level 1. HP: 19/19 MP: 0/0
    65 | D        | Noticed a water moccasin
    65 | D        | Noticed an iguana
    69 | D        | Killed an iguana
    70 | D        | Reached skill level 5 in Fighting
    70 | D        | Reached skill level 5 in Polearms
    70 | D        | Reached skill level 5 in Armour
    70 | D        | Reached XP level 2. HP: 29/29 MP: 1/1
    70 | D        | Reached XP level 3. HP: 36/36 MP: 2/2
    84 | D        | HP: 1/36 [poisoned by a water moccasin]
    85 | D        | Succumbed to a water moccasin's poison

Illustrated notes

Levels and vault maps discovered:
D:        linesprint [early_d, line_temple, items_1, d_10, items_2, lair_1,
          lair_end, items_3, orc_1, orc_end, items_4, d_15, swamp_1, shoals_1,
          snake_1, spider_1, d_20, vaults_1, items_5, swamp_end, shoals_end,
          snake_end, spider_end, vaults_end, d_27, items_6, zot_1, zot_end,
          crypt_end, forest_end, elf_end, slime_end, tomb_end, abyss_end,
          pan_hell_end]

Skill      XL: |  1 |
---------------+----+-----
Polearms       | 5 |  5.9
Fighting       | 5 |  5.2
Armour         | 5 |  5.2
Shields        | |  3.6

Action                     || total
---------------------------++-------
  Melee: Trident           ||    35
         Headbutt          ||     5
    Use: Potion            ||     2
 Armour: Scale mail        ||     8
  Dodge: Dodged            ||    12
  Block: Buckler           ||    10
